 Dungeon Crawl Stone Soup version 0.26.0-10-g1f06aea511 (webtiles) character file.

Game seed: 6956653520634719000

215 mopl the Vexing (level 5, -2/35 HPs)
             Began as a Demonspawn Enchanter on Jan 21, 2021.
             Killed from afar by an orc wizard (9 damage)
             ... with a puff of frost
             ... on level 2 of the Dungeon.
             The game lasted 00:02:56 (2207 turns).

mopl the Vexing (Demonspawn Enchanter)              Turns: 2207, Time: 00:02:57

Health: -2/35      AC:  5    Str:  8    XL:     5   Next: 60%
Magic:  2/9        EV: 12    Int: 17    God:
Gold:   64         SH:  0    Dex: 14    Spells: 3/9 levels left

rFire    . . .     SeeInvis .   e - +2 spear (venom)
rCold    . . .     Faith    .   (no shield)
rNeg     . . .     Spirit   .   b - +0 robe
rPois    .         Reflect  .   (no helmet)
rElec    .         Harm     .   (no cloak)
rCorr    .         Rampage  .   p - +0 pair of gloves
Will     .....                  (no boots)
Stlth    ++........             (no amulet)
HPRegen  0.11/turn              (no ring)
MPRegen  0.11/turn              (no ring)

@: no status effects
A: hooves 1, yellow scales 1, powered by pain 1
a: no special abilities


You were on level 2 of the Dungeon.
You visited 1 branch of the dungeon, and saw 3 of its levels.

You collected 64 gold pieces.

Inventory:

Hand Weapons
 a - a +1 dagger
 e - a +2 spear of venom (weapon)
 q - a +3 short sword
Missiles
 f - 13 stones
Armour
 b - a +0 robe (worn)
 p - a +0 pair of gloves (worn)
Jewellery
 k - an uncursed ring of ice {unknown}
Scrolls
 g - a scroll of teleportation {unknown}
 h - 3 scrolls of identify {unknown}
 j - a scroll of enchant armour {unknown}
 l - a scroll of blinking {unknown}
 m - a scroll of amnesia {unknown}
 n - a scroll of remove curse {unknown}
Potions
 c - a potion of heal wounds
 i - a potion of brilliance {unknown}
 o - a potion of degeneration {unknown}
 r - a potion of might {unknown}


   Skills:
 + Level 2.1 Short Blades
 - Level 1.7 Dodging
 + Level 3.5 Stealth
 + Level 2.8 Spellcasting
 * Level 4.4 Hexes
 + Level 1.6 Ice Magic


You had 3 spell levels left.
You knew the following spells:

 Your Spells              Type           Power        Failure   Level
a - Corona                Hex            18%          3%          1
b - Ensorcelled Hibernat  Hex/Ice        24%          8%          2
d - Tukima's Dance        Hex            17%          9%          3

Your spell library contained the following spells:

 Spells                   Type           Power        Failure   Level
 Confusing Touch          Hex            17%          9%          3
 Dazzling Flash           Conj/Hex       18%          22%         3


Dungeon Overview and Level Annotations

Branches:
Dungeon (3/15)

Altars:
Cheibriados


Innate Abilities, Weirdness & Mutations

You have large cloven feet.
You are partially covered in yellow scales. (AC +2)
You sometimes gain a little power by taking damage.


Message History

The orc wizard hits you but does no damage.
The orc wizard hits you with a +0 dagger.
* * * LOW HITPOINT WARNING * * *
You hit the orc wizard.
The orc wizard is poisoned.
The orc wizard is moderately wounded.
The orc wizard hits you but does no damage.
You hit the orc wizard.
The orc wizard looks as sick as possible!
Your kick misses the orc wizard.
The orc wizard is heavily wounded.
The orc wizard misses you.
The orc wizard hits you with a +0 dagger.
* * * LOW HITPOINT WARNING * * *
You hit the orc wizard but do no damage.
The orc wizard looks as sick as possible!
You kick the orc wizard, but do no damage.
The orc wizard is heavily wounded.
The orc wizard points at you and mumbles some strange words.
The puff of frost hits you!
You die...

#....................# #.#
..###############....# #.#
### ##.#.# #.# # #.#.# #.# #
#.#.#####.# #
###############.........#
####..)..................###
...#.###############.###.#
................@o...# #.#
...##.##############.# #.#
##.##.# #.# #.# ### .#.##.#
########.###.## #.. #.....#
#...........>.# ##.# ...####
#.#####..###..# ##... ####
#.# #..###..###.### # ##.#
#.......##.## # #..#
#..........#


You could see an orc wizard (fast, invisible, extremely poisoned, corona).

Vanquished Creatures
  Terence (D:2)
  Natasha (thrice) (D:2)
  A gnoll (D:1)
  2 adders (D:2)
  3 oozes
  A worm (D:3)
  5 dart slugs
  A leopard gecko (D:3)
  4 orcs (D:3)
  A ball python (D:1)
  5 giant cockroaches (D:1)
  3 goblins
  7 hobgoblins
  4 jackals
  5 kobolds
  6 bats
  2 frilled lizards (D:1)
  4 rats
58 creatures vanquished.

Notes
Turn   | Place    | Note
-------+----------+-------------------------------------------
     0 | D:1      | mopl the Demonspawn Enchanter began the quest for the Orb.
     0 | D:1      | Reached XP level 1. HP: 13/13 MP: 3/3
    25 | D:1      | Reached skill level 1 in Short Blades
    45 | D:1      | Gained mutation: You have large cloven feet. [demonic
                  | ancestry]
    45 | D:1      | Reached XP level 2. HP: 19/19 MP: 5/5
    48 | D:1      | Learned a level 2 spell: Ensorcelled Hibernation
   342 | D:1      | Reached skill level 3 in Stealth
   342 | D:1      | Gained mutation: You sometimes gain a little power by
                  | taking damage. [demonic ancestry]
   342 | D:1      | Reached XP level 3. HP: 21/24 MP: 1/6
   393 | D:1      | Learned a level 3 spell: Tukima's Dance
   742 | D:2      | Noticed Terence
   750 | D:2      | Killed Terence
   751 | D:2      | Reached skill level 1 in Ice Magic
   751 | D:2      | Gained mutation: You are partially covered in yellow
                  | scales. (AC +2) [demonic ancestry]
   751 | D:2      | Reached XP level 4. HP: 25/30 MP: 7/7
   767 | D:2      | Noticed Natasha
   775 | D:2      | Killed Natasha
   776 | D:2      | Reached skill level 4 in Hexes
  1223 | D:2      | Noticed Natasha
  1230 | D:2      | Killed Natasha
  1231 | D:2      | Reached XP level 5. HP: 32/35 MP: 8/8
  1509 | D:2      | Noticed Natasha
  1858 | D:2      | Killed Natasha
  2026 | D:3      | Reached skill level 2 in Short Blades
  2064 | D:3      | Found a snail-covered altar of Cheibriados.
  2207 | D:2      | Killed from afar by an orc wizard

Illustrated notes

Levels and vault maps discovered:
D:1:      matt_arrival_los_fun, layout_basic, grunt_decor_mini_mirrors
D:2:      layout_loops_ring, uniq_terence, uniq_natasha
D:3:      layout_rooms, cheibriados_altar_1, fedhas_altar_4,
          nrook_mini_backslash

Skill      XL: |  1  2  3  4  5 |
---------------+----------------+-----
Short Blades   | 1 2 |  2.1
Stealth        | 3 |  3.5
Ice Magic      | 1 |  1.6
Hexes          | 4 |  4.4
Dodging        | |  1.7
Spellcasting   | |  2.8

Action                   |  1- 3 |  4- 6 || total
-------------------------+-------+-------++-------
Melee: Dagger            |    30 |       ||    30
       Kick              |     7 |    22 ||    29
       Spear             |    37 |    78 ||   115
 Cast: Ensorcelled Hiber |     2 |     3 ||     5
       Corona            |       |     3 ||     3
  Use: Potion            |       |     2 ||     2
 Stab: Sleeping          |    12 |       ||    12
       Distracted        |     1 |       ||     1
Armor: Robe              |     3 |    22 ||    25
Dodge: Dodged            |    21 |    49 ||    70
